 Dungeon Crawl Stone Soup version 0.27.1-33-g824d729ab1 (webtiles) character file.

Game seed: 740120719157096528

1559 Grabarz the Magician (level 8, 0/57 HPs)
             Began as a Purple Draconian Air Elementalist on Dec 9, 2021.
             Slain by an orc warrior (16 damage)
             ... on level 6 of the Dungeon.
             The game lasted 00:48:25 (6880 turns).

Grabarz the Magician (DrAE)                         Turns: 6880, Time: 00:48:26

Health: 0/57       AC:  6    Str: 12    XL:     8   Next: 58%
Magic:  12/18      EV: 12    Int: 17    God:
Gold:   248        SH:  0    Dex: 11    Spells: 14/21 levels left

rFire    . . .     SeeInvis .   f - staff of air
rCold    . . .     Faith    .   (no shield)
rNeg     + . .     Spirit   .   (armour unavailable)
rPois    .         Reflect  .   (helmet restricted)
rElec    +         Harm     .   (no cloak)
rCorr    .         Rampage  .   (no gloves)
Will     +....                  (no boots)
Stlth    ++........             b - amulet of regeneration
HPRegen  1.19/turn              a - ring of positive energy
MPRegen  0.16/turn              (no ring)

@: no status effects
A: breathe power, AC +6, unfitting armour, cold-blooded
a: Breathe Dispelling Energy


You were on level 6 of the Dungeon.
You visited 1 branch of the dungeon, and saw 6 of its levels.

You collected 248 gold pieces.

Inventory:

Magical Staves
 e - a staff of fire
 f - a staff of air (weapon)
Jewellery
 a - a ring of positive energy (left hand)
 b - an amulet of regeneration (around neck)
Wands
 d - a wand of polymorph (4)
 k - a wand of mindburst (14)
 o - a wand of paralysis (12)
Potions
 c - a potion of heal wounds
 g - a potion of might {unknown}
 h - 3 potions of flight
 i - a potion of experience {unknown}
 j - 2 potions of attraction {unknown}
 l - a potion of resistance {unknown}
 p - a potion of curing


   Skills:
 - Level 1.7 Dodging
 - Level 1.7 Stealth
 + Level 7.2 Spellcasting
 + Level 6.2 Conjurations
 + Level 6.9 Air Magic


You had 14 spell levels left.
You knew the following spells:

 Your Spells              Type           Power      Damage    Failure   Level
a - Shock                 Conj/Air       100%       1d9       1%          1
b - Static Discharge      Conj/Air       42%        N/A       1%          2
c - Airstrike             Air            22%        N/A       6%          4

Your spell library contained the following spells:

 Spells                   Type           Power      Damage    Failure   Level
 Magic Dart               Conj           100%       1d8       1%          1
 Swiftness                Air            44%        N/A       1%          3
 Mephitic Cloud           Conj/Pois/Air  31%        N/A       5%          3
 Call Imp                 Summ           6%         N/A       17%         2


Dungeon Overview and Level Annotations

Branches:
Dungeon (6/15)
 Temple: D:4-7

Altars:
Elyvilon
Fedhas
Gozag
Okawaru
Zin

Shops:
D:2 :

Annotations:
D:6 Pikel


Innate Abilities, Weirdness & Mutations

You can breathe bolts of dispelling energy.
Your rich purple scales are hard. (AC +6)
You cannot fit into any form of body armour.
You are cold-blooded and may be slowed by cold attacks.


Message History

The orc warrior is heavily wounded.
The zap hits the orc!
The orc is almost dead.
The zap hits the orc!
You kill the orc!
The centaur hits you but does no damage.
The centaur kicks you but does no damage.
The centaur hits you. The centaur barely misses you.
Aiming: Shock (safe; 1% risk of failure)
Press: ? - help, Q - select action, (/) - cycle Shift-Dir - straight line, f - orc
Aim: an orc, wielding a +0 trident (almost dead, 74% to hit)
You feel a surge of power!
The zap hits the centaur.
The centaur is almost dead.
The zap misses the orc warrior.
The zap hits the jelly!
The jelly is heavily wounded.
The zap hits the orc.
You kill the orc!
The orc warrior hits you from afar with a +0 glaive.
The centaur misses you. The centaur completely misses you.
Aiming: Shock (safe; 1% risk of failure)
Press: ? - help, Q - select action, (/) - cycle Shift-Dir - straight line, f - orc priest
Aim: an orc priest, wielding a +0 short sword (lightly wounded, 74% to hit)
You feel a surge of power!
The zap hits the centaur!
You kill the centaur!
The zap hits the orc warrior!
The orc warrior is severely wounded.
The zap hits the orc priest.
The orc priest is moderately wounded.
The orc warrior hits you from afar with a +0 glaive!
Aiming: Shock (safe; 1% risk of failure)
Press: ? - help, Q - select action, (/) - cycle Shift-Dir - straight line, f/p - orc priest
Aim: an orc priest, wielding a +0 short sword (moderately wounded, 74% to hit)
You feel a surge of power!
The zap hits the jelly.
The jelly is severely wounded.
The zap hits the orc priest.
The orc priest is heavily wounded.
The orc warrior hits you from afar with a +0 glaive!
* * * LOW HITPOINT WARNING * * *
The orc warrior hits you from afar with a +0 glaive!
You die...

#+#####
......#
......# .....
######....
#.......#
#.......#####
#....@......#
#....J).###.#
#.....oo#
#.........
##.####..).
#. ...... #
....). ......


You could see an orc warrior, a jelly and an orc priest.

Vanquished Creatures
  Grinder (D:5)
  Sigmund (D:4)
  Eustachio (D:4)
  An acid dragon (D:4)
  A centaur (D:6)
  An ogre (D:3)
  2 lemures (D:6)
  2 scorpions
  A gnoll sergeant (D:6)
  A bullfrog zombie (D:5)
  A centaur zombie (D:5)
  3 hounds
  Crazy Yiuf (D:4)
  Terence (D:3)
  3 orc wizards
  Robin (D:2)
  7 gnolls
  2 river rats (D:4)
  12 adders
  2 worms (D:4)
  3 dart slugs
  15 orcs
  5 ball pythons
  6 endoplasms
  5 giant cockroaches
  20 goblins
  11 hobgoblins
  2 jackals (D:2)
  7 kobolds
  6 quokkas
  6 bats
  A frilled lizard (D:2)
  4 rats
136 creatures vanquished.

Vanquished Creatures (others)
  10 plants (D:4)
10 creatures vanquished.

Grand Total: 146 creatures vanquished

Notes
Turn   | Place    | Note
-------+----------+-------------------------------------------
     0 | D:1      | Grabarz the Draconian Air Elementalist began the quest for
                  | the Orb.
     0 | D:1      | Reached XP level 1. HP: 14/14 MP: 3/3
   511 | D:1      | Reached XP level 2. HP: 19/20 MP: 0/5
   562 | D:1      | Learned a level 2 spell: Static Discharge
   885 | D:1      | Found a faded altar of an unknown god.
  1047 | D:1      | Reached XP level 3. HP: 26/26 MP: 2/6
  1752 | D:2      | Reached XP level 4. HP: 31/33 MP: 0/8
  1941 | D:2      | Learned a level 4 spell: Airstrike
  2086 | D:2      | Found Ufosocs's Book Shop.
  2147 | D:2      | Noticed Robin
  2163 | D:2      | Killed Robin
  2164 | D:2      | Reached skill level 3 in Spellcasting
  2611 | D:2      | Reached XP level 5. HP: 38/38 MP: 0/9
  2968 | D:3      | Noticed Terence
  3016 | D:3      | Killed Terence
  3316 | D:3      | Noticed an ogre
  3322 | D:3      | Killed an ogre
  3323 | D:3      | Reached XP level 6. HP: 45/45 MP: 1/11
  4023 | D:4      | Noticed Eustachio
  4217 | D:4      | Found a white marble altar of Elyvilon.
  4381 | D:4      | Reached skill level 4 in Spellcasting
  4422 | D:4      | Killed Eustachio
  4423 | D:4      | Reached skill level 5 in Air Magic
  4423 | D:4      | Your scales start taking on a rich purple colour.
  4423 | D:4      | Reached skill level 5 in Spellcasting
  4423 | D:4      | Reached XP level 7. HP: 45/50 MP: 2/15
  4696 | D:4      | Found an opulent altar of Gozag.
  4696 | D:4      | Found a glowing silver altar of Zin.
  4697 | D:4      | Found a blossoming altar of Fedhas.
  5001 | D:4      | Found a runed translucent door.
  5002 | D:4      | Noticed Crazy Yiuf
  5011 | D:4      | Killed Crazy Yiuf
  5412 | D:4      | Noticed Sigmund
  5415 | D:4      | Killed Sigmund
  5416 | D:4      | Reached skill level 6 in Spellcasting
  5416 | D:4      | Reached skill level 5 in Conjurations
  5507 | D:4      | Found an iron altar of Okawaru.
  5525 | D:5      | Entered Level 5 of the Dungeon
  5647 | D:5      | Reached XP level 8. HP: 57/57 MP: 13/17
  5921 | D:5      | Noticed Grinder
  5923 | D:5      | Paralysed by Grinder for 2 turns
  5930 | D:5      | Killed Grinder
  6465 | D:5      | Reached skill level 7 in Spellcasting
  6769 | D:6      | Noticed Pikel
  6880 | D:6      | Slain by an orc warrior

Illustrated notes

Levels and vault maps discovered:
D:1:      kilobyte_arrival_exit_the_forest, layout_basic,
          chequers_ecumenical_altar_simple
D:2:      layout_loops_ring, serial_shops, nicolae_shop_behind_doors,
          serial_rivers, chequers_serial_rivers_large_a,
          chequers_serial_rivers_micro_e, chequers_serial_rivers_micro_b,
          chequers_serial_rivers_marsh, minmay_between, uniq_robin
D:3:      layout_loops_ring, minmay_ogre_servants, uniq_terence
D:4:      layout_basic, nicolae_elyvilon_temple_path, okawaru_metal_pillars_1_2,
          gammafunk_temple_overflow_claw, gup_sewer_entry_bubbles, uniq_sigmund,
          uniq_eustachio, uniq_crazy_yiuf_cottage
D:5:      layout_loops_corners, ebering_dispersal_statue_hall, uniq_grinder
D:6:      layout_basic, nicolae_vehumet_altar_sigil,
          minmay_temple_entry_junction, serial_shops, nicolae_take_the_stairs,
          dk_rats_in_the_wall, uniq_pikel

Skill      XL: |  1  2  3  4  5  6  7  8 |
---------------+-------------------------+-----
Conjurations   | 2 3 4 5 6 |  6.2
Spellcasting   | 3 5 6 7 |  7.2
Air Magic      | 4 5 6 |  6.9
Dodging        | |  1.7
Stealth        | |  1.7

Action                   |  1- 3 |  4- 6 |  7- 9 || total
-------------------------+-------+-------+-------++-------
Melee: Unarmed           |    28 |    20 |       ||    48
       Tailslap          |     1 |     2 |       ||     3
       Dagger            |       |     8 |       ||     8
       Staff             |       |    11 |     6 ||    17
 Cast: Shock             |    53 |    73 |    87 ||   213
       Static Discharge  |    17 |    44 |    17 ||    78
       Airstrike         |       |       |     8 ||     8
  Use: Potion            |     1 |       |       ||     1
       Scroll            |       |     5 |     3 ||     8
Armor: Skin              |    19 |    43 |    14 ||    76
Dodge: Dodged            |    26 |    84 |    25 ||   135
